[Event "Titled Tuesday Blitz March 01 Late 2022"]
[White "Caruana, Fabiano"]
[Black "Zhurbinsky, David"]
[WhiteFideId "2020009"]
[BlackFideId "2072904"]
[WhiteElo "2744"]
[BlackElo "2530"]
[Result "1-0"]
[Round "01"]
[TimeControl "180+1"]
[Date "2022.03.01"]
[WhiteClock "0:00:54"]
[BlackClock "0:00:04"]

1. Nf3 Nf6 2. g3 e6 3. Bg2 d5 4. O-O c5 5. c4 d4 6. e3 Nc6 7. exd4 cxd4 8. d3 Bd6 9. Bg5 O-O 10. Nbd2 h6 11. Bxf6 Qxf6 12. a3 a5 13. Rc1 e5 14. Ne4 Qe7 15. Nxd6 Qxd6 16. c5 Qe7 17. Re1 Bg4 18. h3 Bh5 19. g4 Bg6 20. Nxe5 Nxe5 21. f4 f6 22. fxe5 fxe5 23. Qb3+ Kh8 24. Qxb7 Qg5 25. Qb3 Rab8 26. Qc2 Qf4 27. Qe2 e4 28. dxe4 d3 29. Qxd3 Rxb2 30. Qe3 Qe5 31. c6 Rff2 32. Qxf2 Rxf2 33. Kxf2 Qd4+ 34. Kf1 Bf7 35. Bf3 Qd3+ 36. Kg2 Qxa3 37. c7 Be6 38. c8=Q+ Bxc8 39. Rxc8+ Kh7 40. e5 Qa2+ 41. Re2 Qe6 42. Be4+ g6 43. Rc7+ Kh8 44. Rb2 Qe8 45. Rbb7 a4 46. Rh7+ Kg8 47. Bd5+ 1-0


[Site "https://www.chess.com"]

[Event "Titled Tuesday Blitz March 01 Late 2022"]
[White "Chernikov, Vladimir"]
[Black "Iskusnyh, Sergei"]
[WhiteFideId "14112914"]
[BlackFideId "4120027"]
[WhiteElo "2061"]
[BlackElo "2492"]
[Result "0-1"]
[Round "01"]
[TimeControl "180+1"]
[Date "2022.03.02"]
[WhiteClock "0:00:11"]
[BlackClock "0:00:28"]

1. c4 c5 2. Nc3 g6 3. g3 Bg7 4. Bg2 Nc6 5. Nf3 d6 6. O-O e6 7. Rb1 Nge7 8. a3 b6 9. b4 Bb7 10. Qc2 O-O 11. h4 h6 12. d3 Qd7 13. e3 Rac8 14. Rd1 e5 15. Kh2 Ba8 16. bxc5 dxc5 17. Bb2 Rcd8 18. Ne1 Qc8 19. Nd5 Nxd5 20. Bxd5 Ne7 21. Bxa8 Qxa8 22. f4 Nf5 23. Ng2 exf4 24. gxf4 Qf3 25. Bxg7 Kxg7 26. Kg1 Nxe3 27. Nxe3 Qxe3+ 28. Qf2 Rfe8 29. a4 Rd4 30. a5 Qxf2+ 31. Kxf2 Rxf4+ 32. Kg3 Rf6 33. a6 Re3+ 34. Kg2 Rd6 35. d4 cxd4 36. c5 bxc5 37. Rb7 Rxa6 38. Rf1 Rf6 0-1


[Site "https://www.chess.com"]

[Event "Titled Tuesday Blitz March 01 Late 2022"]
[White "Chyngyz, Sultai"]
[Black "Bellissimo, Joseph F."]
[WhiteFideId "13803158"]
[BlackFideId "2609843"]
[WhiteElo "1339"]
[BlackElo "2061"]
[Result "0-1"]
[Round "01"]
[TimeControl "180+1"]
[Date "2022.03.02"]
[WhiteClock "0:00:05"]
[BlackClock "0:01:08"]

1. e4 e6 2. d4 d5 3. e5 c5 4. c3 Nc6 5. Nf3 Qb6 6. Be2 Bd7 7. O-O f6 8. exf6 Nxf6 9. Qc2 Rc8 10. dxc5 Bxc5 11. Bg5 O-O 12. Nbd2 e5 13. Nb3 Bd6 14. Be3 Qc7 15. Bc5 Ne4 16. Bxd6 Qxd6 17. Rad1 Qg6 18. a3 Bf5 19. Nh4 Ng3 20. Nxf5 Nxf5 21. Rxd5 Nfd4 22. Nxd4 Nxd4 23. Qd2 Qe4 24. Rxd4 exd4 25. Bd3 dxc3 26. Qc2 Qh4 27. bxc3 h6 28. Qb3+ Kh8 29. g3 Qf6 30. c4 b6 31. Be4 Rcd8 32. Bd5 Rde8 33. Qa4 Re2 34. f3 Qd4+ 35. Kh1 Qd2 36. f4 Rxh2+ 37. Kg1 Rh3 38. Rf2 Rxg3+ 39. Kf1 Qc1+ 40. Ke2 Re3# 0-1


[Site "https://www.chess.com"]

[Event "Titled Tuesday Blitz March 01 Late 2022"]
[White "Coelho, Ramyres Santana"]
[Black "Goltsev, Dmitry"]
[WhiteFideId "2120690"]
[BlackFideId "24176710"]
[WhiteElo "1888"]
[BlackElo "2273"]
[Result "1/2-1/2"]
[Round "01"]
[TimeControl "180+1"]
[Date "2022.03.02"]
[WhiteClock "0:01:57"]
[BlackClock "0:02:11"]

1. e4 e6 2. d4 d5 3. Nc3 Nf6 4. e5 Nfd7 5. f4 c5 6. Nf3 a6 7. a4 Nc6 8. Be3 h5 9. Be2 g6 10. O-O Be7 11. dxc5 Nxc5 12. Nd4 Nxd4 13. Bxd4 Bd7 14. Qe1 Rc8 15. Qf2 Qc7 16. a5 Ne4 17. Nxe4 dxe4 18. c3 Bc6 19. Qe3 h4 20. Bb6 Qb8 21. Rfd1 Kf8 22. h3 Kg7 23. Kh1 Bd5 24. Bd4 Qc7 25. b4 Qd6 1/2-1/2


[Site "https://www.chess.com"]

[Event "Titled Tuesday Blitz March 01 Late 2022"]
[White "Corrales Jimenez, Fidel"]
[Black "Proleiko, Julian"]
[WhiteFideId "3506690"]
[BlackFideId "30900255"]
[WhiteElo "2541"]
[BlackElo "2116"]
[Result "1/2-1/2"]
[Round "01"]
[TimeControl "180+1"]
[Date "2022.03.01"]
[WhiteClock "0:00:03"]
[BlackClock "0:00:09"]

1. e4 c6 2. d4 d5 3. e5 Bf5 4. h4 h5 5. Bd3 Bxd3 6. Qxd3 Qa5+ 7. Bd2 Qa6 8. Qg3 e6 9. Ne2 c5 10. dxc5 Nc6 11. b4 Nh6 12. a4 Nf5 13. Qa3 Qc4 14. Bc3 a5 15. Nd2 axb4 16. Nxc4 bxa3 17. Nd6+ Bxd6 18. cxd6 d4 19. Bd2 Nxe5 20. Rxa3 Nc4 21. Ra2 Ncxd6 22. O-O O-O 23. Rb1 Rfc8 24. Bf4 Rc4 25. a5 Ra6 26. g3 f6 27. Bxd6 Nxd6 28. Nf4 e5 29. Nd5 b5 30. Nb4 Ra7 31. a6 Kf7 32. Kf1 Ke6 33. Ra3 Kd7 34. Ke2 Kc7 35. Kd1 Kb6 36. Rb2 Kc5 37. Nd3+ Kc6 38. Rba2 Kb6 39. Ra1 b4 40. Ra5 Nb5 41. Kd2 Rac7 42. R1a2 Ra7 43. Ra1 Nd6 44. f3 Nb5 45. R5a4 Nc7 46. Rxb4+ Rxb4 47. Nxb4 Nxa6 48. Nd5+ Kc5 49. Ra5+ Kc6 50. f4 e4 51. c3 Rd7 52. cxd4 Rxd5 53. Rxa6+ Kb5 54. Ra7 Rxd4+ 55. Ke2 f5 56. Rxg7 Rd5 57. Rg5 Kc4 58. Rxh5 Kd4 59. g4 fxg4 60. Rxd5+ Kxd5 61. h5 Ke6 62. Kf2 Kf5 63. Kg3 e3 64. Kg2 Kxf4 65. h6 g3 66. h7 e2 67. h8=Q e1=Q 68. Qf6+ Kg4 69. Qg6+ Kf4 70. Qf7+ Kg5 71. Qg8+ Kf6 72. Qf8+ Kg6 73. Qg8+ Kf6 74. Qf8+ Kg6 75. Qg8+ Kf5 76. Qf7+ Kg5 77. Qg7+ Kf5 78. Qf7+ Kg5 1/2-1/2


[Site "https://www.chess.com"]

[Event "Titled Tuesday Blitz March 01 Late 2022"]
[White "Csonka, Balazs"]
[Black "Antonova, Nadezhda"]
[WhiteFideId "742910"]
[BlackFideId "14700182"]
[WhiteElo "2404"]
[BlackElo "1765"]
[Result "1-0"]
[Round "01"]
[TimeControl "180+1"]
[Date "2022.03.02"]
[WhiteClock "0:00:07"]
[BlackClock "0:00:04"]

1. e4 c5 2. Nf3 d6 3. d4 cxd4 4. Nxd4 Nf6 5. Nc3 a6 6. h3 e5 7. Nb3 Be6 8. Be3 Be7 9. Qf3 O-O 10. O-O-O Qc7 11. g4 b5 12. Bd3 b4 13. Nd5 Bxd5 14. exd5 a5 15. g5 Nfd7 16. Qe4 g6 17. h4 a4 18. Nd2 Na6 19. h5 Nac5 20. Qh4 Nxd3+ 21. Kb1 b3 22. cxb3 axb3 23. axb3 Rfc8 24. Nc4 Ra1+ 25. Kxa1 Ra8+ 26. Kb1 1-0


[Site "https://www.chess.com"]

[Event "Titled Tuesday Blitz March 01 Late 2022"]
[White "Cupid, Kevin"]
[Black "Nasuta, Grzegorz"]
[WhiteFideId "7700512"]
[BlackFideId "1141686"]
[WhiteElo "2096"]
[BlackElo "2396"]
[Result "1-0"]
[Round "01"]
[TimeControl "180+1"]
[Date "2022.03.02"]
[WhiteClock "0:00:04"]
[BlackClock "0:00:02"]

1. d4 d5 2. c4 e6 3. Nc3 c6 4. Nf3 dxc4 5. a4 Bb4 6. e3 b5 7. Be2 a5 8. O-O Ba6 9. Ne5 Ne7 10. axb5 cxb5 11. Bf3 Ra7 12. h3 O-O 13. Qc2 Nd7 14. Nc6 Nxc6 15. Bxc6 Qb6 16. Bf3 Nf6 17. Rd1 Rd7 18. Bd2 Rfd8 19. Ne4 Bxd2 20. Nxf6+ gxf6 21. Rxd2 a4 22. Qe4 Bb7 23. Qg4+ Kf8 24. Bxb7 Qxb7 25. Qh4 Ke7 26. Qxh7 Qc6 27. Qc2 f5 28. Kh2 Rg8 29. f3 Qd6+ 30. Kh1 Rc7 31. e4 fxe4 32. Qxe4 Qd5 33. Qe3 Rd7 34. Qc3 Qd6 35. d5 exd5 36. Rad1 Rg5 37. Qe3+ Kf6 38. Qd4+ Kg6 39. Qh4 f6 40. f4 Rf5 41. Qg4+ Kf7 42. Qxf5 Qe6 43. Qh7+ Ke8 44. Qh8+ Ke7 45. f5 Qe4 46. Qh5 Kd6 47. Re2 Qf4 48. Re6+ Kc5 49. Rxf6 a3 50. bxa3 c3 51. Qg6 d4 52. Rc6+ 1-0


[Site "https://www.chess.com"]

[Event "Titled Tuesday Blitz March 01 Late 2022"]
[White "Curtis, John"]
[Black "Maltsevskaya, Aleksandra"]
[WhiteFideId "3200256"]
[BlackFideId "24174041"]
[WhiteElo "2203"]
[BlackElo "2283"]
[Result "0-1"]
[Round "01"]
[TimeControl "180+1"]
[Date "2022.03.02"]
[WhiteClock "0:01:54"]
[BlackClock "0:02:10"]

1. e4 c5 2. Nf3 e6 3. d4 cxd4 4. Nxd4 Nc6 5. Nc3 Nf6 6. Nxc6 bxc6 7. e5 Nd5 8. Ne4 Qc7 9. f4 Qb6 10. c3 Ne3 11. Qe2 Nxf1 12. Rxf1 Ba6 13. c4 Qb4+ 14. Bd2 Qxb2 15. Kf2 Qd4+ 16. Be3 Qxe4 17. Qf3 Qxf3+ 18. Kxf3 Bxc4 19. Rfb1 Bd5+ 20. Kf2 0-1


[Site "https://www.chess.com"]

[Event "Titled Tuesday Blitz March 01 Late 2022"]
[White "Dauner, Benedikt"]
[Black "Ponkratov, Pavel"]
[WhiteFideId "16225899"]
[BlackFideId "4157800"]
[WhiteElo "2230"]
[BlackElo "2487"]
[Result "0-1"]
[Round "01"]
[TimeControl "180+1"]
[Date "2022.03.01"]
[WhiteClock "0:00:13"]
[BlackClock "0:01:10"]

1. d4 d5 2. Nf3 Nf6 3. c3 Bf5 4. Qb3 b6 5. c4 e6 6. Nc3 dxc4 7. Qxc4 Be7 8. g3 c5 9. Bg2 a6 10. dxc5 b5 11. Qb3 Nfd7 12. Be3 Nxc5 13. Bxc5 Bxc5 14. O-O O-O 15. Nh4 Ra7 16. Nxf5 exf5 17. Rad1 Qe7 18. e3 Nd7 19. Nd5 Qe6 20. Rd2 Ne5 21. Nf4 Qxb3 22. axb3 Bb4 23. Rd5 Re8 24. Rfd1 g6 25. h4 Bf8 26. Rd8 Rxd8 27. Rxd8 Kg7 28. Ra8 Rxa8 29. Bxa8 Bd6 30. Bb7 a5 31. Ba6 b4 32. Kf1 Nd7 33. Bc4 Bxf4 34. exf4 Nc5 35. Ke2 Kf8 36. Ke3 Ke7 37. Kd4 Ne4 38. f3 Nxg3 39. Kc5 Nh5 40. Kb6 Nxf4 41. Kxa5 f6 42. Kxb4 Kd6 43. Ka5 Kc7 44. Ka6 Kb8 45. Kb6 g5 46. hxg5 fxg5 47. Kc5 g4 48. fxg4 fxg4 49. Kd4 g3 50. Bf1 Kc7 51. Ke4 g2 52. Bxg2 Nxg2 53. Kf5 Nh4+ 54. Kf6 Ng6 55. b4 Kb6 56. Kg5 Kb5 57. Kh6 Nf8 58. b3 Kxb4 59. Kg7 Kxb3 60. Kh6 Kc4 61. Kh5 Kd5 62. Kh4 Ke6 63. Kh3 Kf5 64. Kh2 Kg4 65. Kh1 h5 66. Kg1 h4 67. Kg2 h3+ 68. Kh2 Ng6 69. Kh1 Ne5 70. Kg1 Kg3 71. Kh1 Ng4 72. Kg1 h2+ 73. Kh1 Nf2# 0-1


[Site "https://www.chess.com"]

[Event "Titled Tuesday Blitz March 01 Late 2022"]
[White "Debray, Christopher"]
[Black "Gulecyuz, Deniz"]
[WhiteFideId "630810"]
[BlackFideId "30921341"]
[WhiteElo "2369"]
[BlackElo "1925"]
[Result "0-1"]
[Round "01"]
[TimeControl "180+1"]
[Date "2022.03.02"]
[WhiteClock "0:00:02"]
[BlackClock "0:00:07"]

1. e4 c5 2. c3 Nf6 3. e5 Nd5 4. d4 cxd4 5. cxd4 Nc6 6. Nf3 d6 7. Bc4 Nb6 8. Bb3 d5 9. O-O Bf5 10. Nc3 e6 11. Bc2 Bxc2 12. Qxc2 a6 13. a3 Rc8 14. Qe2 Be7 15. Be3 Nc4 16. Rac1 N6a5 17. g3 Qb6 18. Rc2 Nb3 19. Kg2 O-O 20. h4 Qa5 21. Qd3 b5 22. Ng5 Bxg5 23. hxg5 b4 24. Rh1 g6 25. axb4 Qxb4 26. Qe2 Nxb2 27. Qg4 h5 28. gxh6 Kh7 29. Nxd5 exd5 30. Rxc8 Nd3 31. Rxf8 Qxf8 32. Qd1 Qb4 33. Qxd3 a5 34. Rb1 a4 35. Qc2 Qc4 36. Qa2 Qd3 37. Rb2 Qe4+ 38. Kg1 Nxd4 39. Bxd4 Qxd4 40. Qa3 Qxe5 41. Rb7 Qe1+ 42. Kg2 Qe4+ 43. Kh2 d4 0-1


[Site "https://www.chess.com"]

[Event "Titled Tuesday Blitz March 01 Late 2022"]
[White "Demchenko, Anton"]
[Black "Estrada Nieto, Julian"]
[WhiteFideId "4160258"]
[BlackFideId "5101018"]
[WhiteElo "2539"]
[BlackElo "2246"]
[Result "1-0"]
[Round "01"]
[TimeControl "180+1"]
[Date "2022.03.01"]
[WhiteClock "0:00:42"]
[BlackClock "0:00:05"]

1. e4 e5 2. Nf3 Nc6 3. Bc4 Bc5 4. d3 d6 5. c3 Nf6 6. Bg5 a6 7. Nbd2 h6 8. Bh4 Ba7 9. a4 g5 10. Bg3 Bg4 11. h3 Bh5 12. Qc2 Qd7 13. b4 Nd8 14. d4 exd4 15. Nxd4 Bg6 16. O-O Nh5 17. Bh2 Ne6 18. Nxe6 fxe6 19. Qb3 Ng7 20. Kh1 O-O-O 21. a5 d5 22. exd5 exd5 23. Be2 Rhf8 24. b5 axb5 25. Bxb5 c6 26. Be2 Rxf2 27. Rxf2 Bxf2 28. Nf3 Be4 29. a6 b5 30. Ne5 Qe6 31. a7 Kb7 32. Nxc6 Qxc6 33. Bxb5 Qb6 34. Qa4 Rc8 35. a8=Q+ Rxa8 36. Qxa8# 1-0


[Site "https://www.chess.com"]

[Event "Titled Tuesday Blitz March 01 Late 2022"]
[White "Demidov, Mikhail"]
[Black "Gracia Alvarez, Gerardo Antonio"]
[WhiteFideId "4197143"]
[BlackFideId "5109124"]
[WhiteElo "2525"]
[BlackElo "2139"]
[Result "1-0"]
[Round "01"]
[TimeControl "180+1"]
[Date "2022.03.01"]
[WhiteClock "0:00:11"]
[BlackClock "0:00:29"]

1. Nf3 Nf6 2. g3 g6 3. b3 Bg7 4. Bb2 O-O 5. Bg2 d6 6. d4 Nbd7 7. O-O e5 8. dxe5 Ng4 9. Qd2 Ngxe5 10. c4 Nxf3+ 11. exf3 Bxb2 12. Qxb2 Qf6 13. Nc3 c6 14. Qd2 Rd8 15. Ne4 Qe7 16. Qxd6 Qxd6 17. Nxd6 Nc5 18. Rad1 a5 19. f4 Bg4 20. f3 Be6 21. Ne4 Nd3 22. Nc3 Rd7 23. Rd2 Rad8 24. Rfd1 f5 25. Bf1 Nc5 26. Rxd7 Rxd7 27. Rxd7 Bxd7 28. Kf2 Kf7 29. Ke3 Ke7 30. Be2 h5 31. Bd1 Kd6 32. h3 Ne6 33. a3 Kc5 34. g4 Ng7 35. Na4+ Kd6 36. c5+ Kd5 37. Nb6+ Ke6 38. Nc4 Kd5 39. Nxa5 Kxc5 40. Nxb7+ Kb6 41. Nd6 Be6 42. Kd4 Bd5 43. Ke5 fxg4 44. fxg4 hxg4 45. hxg4 Ne6 46. f5 gxf5 47. gxf5 Nc5 48. b4 Nd3+ 49. Kd4 Nf2 50. Be2 Nh3 51. f6 Ng5 52. Bh5 Ne6+ 53. Ke5 Nf8 54. Bf7 Bf3 55. Be8 Bg4 56. Nc4+ Kc7 57. Na5 Bf3 58. Nb3 Kd8 59. Nd4 Bd5 60. Bxc6 Ng6+ 61. Kxd5 1-0


[Site "https://www.chess.com"]

[Event "Titled Tuesday Blitz March 01 Late 2022"]
[White "Desideri, Ricardo Maruchi"]
[Black "Janaszak, Dawid"]
[WhiteFideId "2110440"]
[BlackFideId "1119206"]
[WhiteElo "1945"]
[BlackElo "2199"]
[Result "1-0"]
[Round "01"]
[TimeControl "180+1"]
[Date "2022.03.02"]
[WhiteClock "0:00:08"]
[BlackClock "0:00:53"]

1. e4 c5 2. Nf3 Nc6 3. d4 cxd4 4. Nxd4 g6 5. Nc3 Bg7 6. Be3 Nf6 7. Bc4 O-O 8. Bb3 Re8 9. h3 d6 10. f4 Na5 11. O-O Nxb3 12. axb3 b6 13. e5 dxe5 14. fxe5 Nd5 15. Qf3 Nxe3 16. Qxe3 Bb7 17. Qf4 Rf8 18. Rad1 Qc7 19. Rde1 e6 20. Ndb5 Qc5+ 21. Rf2 f6 22. Qc4 f5 23. Qxe6+ Kh8 24. Nd6 Qc7 25. Ncb5 Qc5 26. b4 Qc6 27. Nf7+ Rxf7 28. Qxf7 Rf8 29. Qc7 Qxb5 30. Qxb7 Qxb4 31. Rfe2 Qxb2 32. e6 Qd4+ 33. Kh1 f4 34. e7 Re8 35. Qc6 1-0


[Site "https://www.chess.com"]

[Event "Titled Tuesday Blitz March 01 Late 2022"]
[White "Dias, Joao Batista"]
[Black "Kanyamarala, Tarun"]
[WhiteFideId "2108240"]
[BlackFideId "45004714"]
[WhiteElo "1898"]
[BlackElo "2144"]
[Result "0-1"]
[Round "01"]
[TimeControl "180+1"]
[Date "2022.03.02"]
[WhiteClock "0:00:44"]
[BlackClock "0:00:18"]

1. e4 c5 2. f4 d5 3. exd5 Nf6 4. Nf3 Nxd5 5. d4 cxd4 6. Nxd4 g6 7. Bc4 Bg7 8. O-O O-O 9. c3 Nc6 10. Nxc6 bxc6 11. Na3 Be6 12. Qe2 Rb8 13. Rb1 Qa5 14. Bxd5 cxd5 15. f5 Bxf5 16. Rxf5 gxf5 17. Qxe7 Rfe8 18. Qh4 Qxa3 19. bxa3 Rxb1 20. Qf4 Re1+ 21. Kf2 Rexc1 22. Qd6 Rb2+ 23. Ke3 Rxc3+ 24. Kf4 Rf2+ 25. Kg5 Rxg2+ 26. Kf4 Rg6 27. Qd8+ Bf8 28. Qxd5 Rxa3 29. Qxf5 Bd6+ 30. Ke4 Rxa2 31. h4 Ra4+ 32. Kd3 Rxh4 33. Qc8+ Bf8 34. Qb8 a6 35. Kc3 Re4 36. Kd3 Reg4 37. Kc3 h5 38. Kd3 h4 39. Ke3 h3 40. Ke2 h2 41. Qa8 Rg2+ 42. Kd3 h1=Q 0-1


[Site "https://www.chess.com"]

[Event "Titled Tuesday Blitz March 01 Late 2022"]
[White "Djokic, Mihailo"]
[Black "Scalzo, Antonio R"]
[WhiteFideId "976440"]
[BlackFideId "2079674"]
[WhiteElo "2008"]
[BlackElo "2301"]
[Result "1-0"]
[Round "01"]
[TimeControl "180+1"]
[Date "2022.03.02"]
[WhiteClock "0:02:12"]
[BlackClock "0:01:53"]

1. e4 c6 2. d4 d5 3. e5 Bf5 4. h4 h5 5. Bg5 Qb6 6. Bd3 Bxd3 7. Qxd3 e6 8. Nd2 c5 9. c4 cxd4 10. Ngf3 Nc6 11. cxd5 exd5 12. e6 Nb4 13. exf7+ Kxf7 14. Qf5+ Nf6 15. Ne5+ Kg8 16. O-O Re8 17. Rfe1 Qe6 18. Qg6 Nc2 19. Qxc2 1-0


[Site "https://www.chess.com"]

[Event "Titled Tuesday Blitz March 01 Late 2022"]
[White "Donatti, Alvaro"]
[Black "Voit, Daria"]
[WhiteFideId "3000303"]
[BlackFideId "4182146"]
[WhiteElo "2138"]
[BlackElo "2323"]
[Result "0-1"]
[Round "01"]
[TimeControl "180+1"]
[Date "2022.03.02"]
[WhiteClock "0:00:49"]
[BlackClock "0:00:48"]

1. e4 c6 2. d4 d5 3. exd5 cxd5 4. c4 Nf6 5. Nc3 e6 6. Bg5 Bb4 7. Nf3 O-O 8. cxd5 Qxd5 9. Bd3 b6 10. O-O Bxc3 11. bxc3 Ba6 12. Bxa6 Nxa6 13. Bxf6 gxf6 14. Re1 Rac8 15. Qd3 Qc4 16. Qe4 Nc7 17. Qg4+ Kh8 18. Qh4 Nd5 19. Re4 Qxc3 20. Rf1 Rg8 21. Qh3 Rg7 22. Rg4 Rcg8 23. Rxg7 Rxg7 24. Qh4 Qxf3 25. g3 Nc3 26. Re1 Nd5 27. Rc1 Rg8 28. Rc6 Qg4 29. Qh6 Qxd4 30. Rd6 Qf4 0-1


[Site "https://www.chess.com"]

[Event "Titled Tuesday Blitz March 01 Late 2022"]
[White "Ezat, Mohamed"]
[Black "Delorme, Alban"]
[WhiteFideId "10600906"]
[BlackFideId "623636"]
[WhiteElo "2386"]
[BlackElo "2197"]
[Result "1-0"]
[Round "01"]
[TimeControl "180+1"]
[Date "2022.03.02"]
[WhiteClock "0:00:09"]
[BlackClock "0:00:54"]

1. d4 d5 2. c4 e6 3. Nc3 Nf6 4. cxd5 exd5 5. Bg5 Nbd7 6. Qc2 Be7 7. e3 O-O 8. Bd3 b6 9. Nge2 c5 10. O-O Bb7 11. Rad1 a6 12. Bf5 c4 13. Nf4 g6 14. Bh3 b5 15. a3 Nb6 16. f3 Re8 17. e4 dxe4 18. fxe4 Nxe4 19. Ne6 fxe6 20. Bxe7 Qxe7 21. Nxe4 Nd5 22. Nc5 Ne3 23. Qe2 Nxf1 24. Rxf1 Qd6 25. Nxb7 Qxd4+ 26. Kh1 Qd5 27. Na5 Rad8 28. Re1 e5 29. Bg4 Qd2 30. Nc6 Qxe2 31. Bxe2 Rd2 32. Nb4 a5 33. Na6 Rxb2 34. Nc7 Rd8 35. Nxb5 Rxe2 36. Rc1 Red2 37. Nc3 e4 38. h3 e3 39. Re1 e2 40. Kh2 R8d3 41. Ne4 Re3 42. Nxd2 c3 43. Nb3 c2 44. Nc1 Rxa3 45. Rxe2 Rc3 46. Re8+ Kg7 47. Ra8 Rc5 48. Kg3 Rd5 49. Rc8 Rd2 50. Kf3 a4 51. Rc3 Kf6 52. g4 Kg5 53. Kg3 Kf6 54. Kf4 Rh2 55. g5+ Ke6 56. Kg3 Rd2 57. Kf3 Kf5 58. Ne2 a3 59. Rxc2 Rxc2 60. Nd4+ Kxg5 61. Nxc2 a2 62. Na1 h5 63. Kg2 Kf4 64. Kf2 Ke4 65. Kg3 g5 66. Nb3 Kd3 67. Nc1+ Ke4 68. Nxa2 Kf5 69. Nc3 h4+ 70. Kf3 g4+ 71. hxg4+ Kg5 72. Ne4+ Kg6 73. Nf2 Kg5 74. Nh3+ Kg6 75. Kf4 1-0


[Site "https://www.chess.com"]

[Event "Titled Tuesday Blitz March 01 Late 2022"]
[White "Fus, Jakub"]
[Black "Srebrnic, Marko"]
[WhiteFideId "1193023"]
[BlackFideId "14603616"]
[WhiteElo "2111"]
[BlackElo "2340"]
[Result "1-0"]
[Round "01"]
[TimeControl "180+1"]
[Date "2022.03.02"]
[WhiteClock "0:00:18"]
[BlackClock "0:00:03"]

1. Nf3 Nf6 2. c4 g6 3. Nc3 Bg7 4. e4 d6 5. d4 O-O 6. Be2 e5 7. d5 a5 8. Bg5 Na6 9. Nd2 Qe8 10. O-O Kh8 11. a3 Bd7 12. b3 Ng8 13. Rb1 Nc5 14. Qc2 Bh6 15. Bxh6 Nxh6 16. b4 axb4 17. axb4 Na4 18. Nb5 Bxb5 19. cxb5 Qd7 20. Rfc1 Rfc8 21. Nc4 Nb6 22. Na5 Rab8 23. Qd2 Kg7 24. Rc3 f5 25. f3 Ng8 26. Rbc1 Nf6 27. Qc2 Ne8 28. Bd3 f4 29. Ra3 g5 30. Bf1 h5 31. h3 g4 32. hxg4 hxg4 33. fxg4 Qxg4 34. Qf2 Nd7 35. Rcc3 Ndf6 36. Rg3 fxg3 37. Rxg3 Ra8 38. Be2 Qxg3 39. Qxg3+ Kf7 40. Qh4 b6 41. Bh5+ Kf8 42. Nc6 Ra1+ 43. Kh2 Rca8 44. Bg6 Kg7 45. Ne7 R8a2 46. Bxe8 Nxe8 47. Nf5+ Kf7 48. Qe7+ Kg6 49. Qxe8+ Kg5 50. Qg8+ Kf4 51. Qg3+ Kxe4 52. Qf3# 1-0


[Site "https://www.chess.com"]

[Event "Titled Tuesday Blitz March 01 Late 2022"]
[White "Gareyev, Timur"]
[Black "Lopez Del Alamo, Antonio"]
[WhiteFideId "14200937"]
[BlackFideId "2227339"]
[WhiteElo "2586"]
[BlackElo "2082"]
[Result "1-0"]
[Round "01"]
[TimeControl "180+1"]
[Date "2022.03.02"]
[WhiteClock "0:00:32"]
[BlackClock "0:01:22"]

1. c4 Nf6 2. Nc3 g6 3. e4 d6 4. d4 Bg7 5. Be2 O-O 6. Be3 e5 7. d5 c6 8. g4 cxd5 9. cxd5 b5 10. g5 Nh5 11. Bxh5 gxh5 12. Qxh5 b4 13. Nce2 f5 14. gxf6 Qxf6 15. Nh3 Nd7 16. Rg1 Kh8 17. Ng5 h6 18. Ne6 Rg8 19. Bg5 1-0


[Site "https://www.chess.com"]

[Event "Titled Tuesday Blitz March 01 Late 2022"]
[White "Gerbelli Neto, Eduardo"]
[Black "Hamley, Ryan"]
[WhiteFideId "2103281"]
[BlackFideId "30959497"]
[WhiteElo "2178"]
[BlackElo "2586"]
[Result "0-1"]
[Round "01"]
[TimeControl "180+1"]
[Date "2022.03.02"]
[WhiteClock "0:00:08"]
[BlackClock "0:01:00"]

1. e4 c6 2. d4 g6 3. Nc3 Bg7 4. Be2 d5 5. e5 h5 6. g4 hxg4 7. Bxg4 Bxg4 8. Qxg4 Nh6 9. Qe2 Nf5 10. Be3 e6 11. O-O-O a6 12. Nf3 Qc7 13. h4 Nd7 14. Bg5 c5 15. dxc5 Qxc5 16. Kb1 Rc8 17. Rhe1 Nb6 18. Be3 Qc7 19. Bxb6 Qxb6 20. Ka1 Nxh4 21. Nd4 Nf5 22. Nxf5 gxf5 23. Rg1 Rh7 24. Qd2 Bxe5 25. Rg8+ Kd7 26. Rxc8 Kxc8 27. Qg5 Rh8 28. Qe7 Qc7 29. Qb4 Re8 30. Na4 Kb8 31. c3 Rh8 32. a3 Ka7 33. Qc5+ Qxc5 34. Nxc5 Rh2 35. Nd3 Bd6 36. Re1 Kb6 37. b4 Rh3 38. Rd1 Kc6 39. Kb2 e5 40. Kc2 e4 41. Ne1 Be5 0-1


[Site "https://www.chess.com"]

[Event "Titled Tuesday Blitz March 01 Late 2022"]
[White "Glavina, Pablo"]
[Black "Babazada, Khazar"]
[WhiteFideId "100234"]
[BlackFideId "13413554"]
[WhiteElo "2369"]
[BlackElo "2418"]
[Result "0-1"]
[Round "01"]
[TimeControl "180+1"]
[Date "2022.03.01"]
[WhiteClock "0:00:04"]
[BlackClock "0:01:15"]

1. e4 Nf6 2. e5 Nd5 3. c4 Nb6 4. d4 d6 5. exd6 cxd6 6. Be3 g6 7. Nc3 Bg7 8. Rc1 O-O 9. b3 Bf5 10. Nf3 d5 11. c5 Nc8 12. Bd3 Bg4 13. h3 Bxf3 14. Qxf3 e6 15. O-O Nc6 16. Ne2 e5 17. Qg4 f5 18. Qg5 Bf6 19. Qg3 f4 20. Bxf4 exf4 21. Nxf4 Bh4 22. Qg4 Rxf4 23. Qxf4 Bg5 24. Qf3 Bxc1 25. Rxc1 N8e7 26. Qe3 Qf8 27. Re1 Qf7 28. g4 Rf8 29. Bf1 Qf4 30. a3 a5 31. b4 axb4 32. axb4 Qxe3 33. Rxe3 Kf7 34. Bg2 Nxd4 35. Kh2 Ra8 36. Rd3 Ndc6 37. Bxd5+ Nxd5 38. Rxd5 Ke6 39. Rd6+ Ke7 40. b5 Ne5 41. Rb6 Ra7 42. f4 Nc4 43. c6 Nxb6 44. c7 Kd7 0-1


[Site "https://www.chess.com"]

[Event "Titled Tuesday Blitz March 01 Late 2022"]
[White "Gledura, Benjamin"]
[Black "Martins, Carlos"]
[WhiteFideId "712779"]
[BlackFideId "2101688"]
[WhiteElo "2326"]
[BlackElo "2183"]
[Result "1-0"]
[Round "01"]
[TimeControl "180+1"]
[Date "2022.03.02"]
[WhiteClock "0:00:55"]
[BlackClock "0:00:02"]

1. d4 Nf6 2. b3 d5 3. Bb2 Bf5 4. Nf3 h6 5. e3 e6 6. Nbd2 Bd6 7. Be2 Nbd7 8. O-O O-O 9. Ne5 Ne4 10. Nxe4 Bxe4 11. f4 f6 12. Nd3 b6 13. Nf2 Bh7 14. c4 c6 15. Rc1 Rc8 16. Bf3 Kh8 17. g3 Qe7 18. e4 dxc4 19. bxc4 e5 20. c5 Bb8 21. cxb6 axb6 22. dxe5 fxe5 23. f5 Bg8 24. Qd3 Nc5 25. Qe3 Bxa2 26. Ng4 Qg5 27. Qa3 Bf7 28. Nxe5 Be8 29. Nc4 Bc7 30. Bd4 Bf7 31. Ne5 Be8 32. Bxc5 bxc5 33. Qxc5 Rg8 34. Kh1 Qf6 35. Nc4 1-0


[Site "https://www.chess.com"]

[Event "Titled Tuesday Blitz March 01 Late 2022"]
[White "Golubev, Mikhail"]
[Black "Winkels, Marcel"]
[WhiteFideId "14100983"]
[BlackFideId "1003887"]
[WhiteElo "2374"]
[BlackElo "1900"]
[Result "1/2-1/2"]
[Round "01"]
[TimeControl "180+1"]
[Date "2022.03.02"]
[WhiteClock "0:01:14"]
[BlackClock "0:01:48"]

1. e4 g6 2. d4 Bg7 3. Nf3 c6 4. Nc3 d5 5. h3 dxe4 6. Nxe4 Nd7 7. Bc4 Ngf6 8. Nxf6+ Nxf6 9. O-O O-O 10. Re1 b6 11. Bg5 h6 12. Bh4 Bb7 13. Qe2 g5 14. Bg3 Re8 15. Bxf7+ Kxf7 16. Qe6+ Kg6 17. Ne5+ Kh7 18. Qf5+ Kg8 19. Qe6+ Kh7 20. Qf5+ Kg8 21. Qe6+ Kh7 1/2-1/2


[Site "https://www.chess.com"]

[Event "Titled Tuesday Blitz March 01 Late 2022"]
[White "Grigorov, Grigor"]
[Black "Jaskolka, Tomasz"]
[WhiteFideId "2907313"]
[BlackFideId "1170791"]
[WhiteElo "2510"]
[BlackElo "2054"]
[Result "0-1"]
[Round "01"]
[TimeControl "180+1"]
[Date "2022.03.01"]
[WhiteClock "0:01:50"]
[BlackClock "0:01:24"]

1. d4 Nf6 2. Nf3 e6 3. Bf4 d5 4. e3 c5 5. c3 Bd6 6. Bd3 Nc6 7. Bg3 O-O 8. Nbd2 Qe7 9. Ne5 Nd7 10. Nxd7 Qxd7 11. Nf3 b6 12. Ne5 Bxe5 13. dxe5 Bb7 14. Qh5 g6 15. Qh6 d4 16. O-O-O Qd5 17. e4 Qxa2 18. Bh4 dxc3 19. bxc3 Na5 20. Bc2 Bxe4 0-1


[Site "https://www.chess.com"]